 Dungeon Crawl Stone Soup version 0.14.1 (webtiles) character file.

245 Quh the Distorting Demonspawn (level 5, -1/41 HPs)
             Began as a Demonspawn Abyssal Knight on Apr 30, 2014.
             Was a Believer of Lugonu.
             Slain by a hobgoblin
             ... wielding a +0,+0 flail
              (7 damage)
             ... on Level 3 of the Dungeon.
             The game lasted 00:15:01 (3486 turns).

Quh the Distorting Demonspawn (DsAK)                Turns: 3486, Time: 00:15:01

HP  -1/41        AC  4     Str 13      XL: 5   Next:  1%
MP   7/9         EV 10     Int 14      God: Lugonu [**....]
Gold 107         SH  0     Dex 12      Spells:  0 memorised,  4 levels left

rFire  . . .     SeeInvis .     a - +1 spear
rCold  . . .     Clarity  .     b - +0 leather armour
rNeg   . . .     Conserve .     (no shield)
rPois  .         rCorr    .     (no helmet)
rElec  .         rRot     .     y - +0 cloak
SustAb . .       Spirit   .     (no gloves)
rMut   .         Warding  .     (no boots)
Saprov . . .     Stasis   .     (no amulet)
MR     .....                    (no ring)
                                w - ring of flight

@: lethally poisoned, not resistant to hostile enchantments, very unstealthy
A: talons 1, conserve scrolls
a: Depart the Abyss, Bend Space, Renounce Religion, Evoke Flight


You were on level 3 of the Dungeon.
You worshipped Lugonu.
Lugonu was pleased with you.
You were very hungry.

You visited 1 branch of the dungeon, and saw 3 of its levels.
You visited the Abyss 1 time.

You collected 107 gold pieces.

Inventory:

Hand weapons
 a - a +1,+1 spear (weapon)
 B - a +0,+0 sling
Missiles
 i - 2 poisoned darts
 j - 29 darts (quivered)
 k - 13 arrows of dispersal
 p - 33 stones
 r - 14 arrows
Armour
 b - a +0 leather armour (worn)
 g - a +1 leather armour
 h - a +0 scale mail
 y - a +0 cloak (worn)
Magical devices
 H - a wand of slowing (12) {unknown}
Comestibles
 c - a bread ration
 q - an orange
 u - an apple
 z - a meat ration
Scrolls
 e - a scroll of enchant weapon II {unknown}
 f - a scroll of blinking {unknown}
 l - 2 scrolls of identify
 m - 2 scrolls of teleportation {unknown}
 s - a scroll of random uselessness {unknown}
 t - 2 scrolls of recharging {unknown}
 v - a scroll of amnesia {unknown}
 x - 2 scrolls of immolation {unknown}
 A - 2 scrolls of remove curse {unknown}
 E - a scroll of enchant weapon I {unknown}
Jewellery
 w - a ring of flight (left hand)
 C - an uncursed ring of fire
Potions
 d - a potion of haste {unknown}
 n - 3 potions of restore abilities
 o - a potion of curing {unknown}
 D - a potion of degeneration {unknown}
 F - a potion of flight {unknown}


   Skills:
 - Level 3.0 Fighting
 * Level 3.5 Polearms
 - Level 1.7 Armour
 - Level 0.8 Dodging
 + Level 4.8 Invocations
 * Level 1.0 Evocations


You had 4 spell levels left.
You didn't know any spells.

Dungeon Overview and Level Annotations

Branches:
Dungeon (3/15)

Altars:


Innate Abilities, Weirdness & Mutations

You have sharp toenails.
You are very good at protecting items from fire.


Message History

* * * LOW HITPOINT WARNING * * *
You hit the worker ant but do no damage.
The worker ant is almost dead.
The worker ant bites you but does no damage.
The worker ant barely misses you.
You hit the worker ant.
You kill the worker ant!
Lugonu accepts your kill.
Your Evocations skill increases to level 1!
You have reached level 5!
Your demonic ancestry asserts itself...
You feel less concerned about heat.
You feel sick.
You start resting.
Drink which item? (? for menu, Esc to quit)
You feel refreshed.
It was a potion of restore abilities.
You barely miss the hobgoblin. The hobgoblin barely misses you.
You closely miss the hobgoblin. Your kick misses the hobgoblin.
You feel sick. The hobgoblin hits you with a flail!
You die...

#.#
#.#.............#
.
#.###########...#
#.# ##.## #.# #.#
#.# #.# #g# #.#
##### #.# #.#
....# #.#########
#<# ###.#
#.g@......# #.#
#%#######... ..#
#.# .... #.#
##### #.# #.# ..#
#.# .


You could see a hobgoblin.

Vanquished Creatures
  An orc wizard (D:3)
  A worker ant (D:3)
  3 adders
  A worm (D:2)
  3 giant geckos
  3 orcs (D:3)
  6 bats
  12 goblins
  9 hobgoblins
  7 kobolds
  2 giant newts (D:3)
  7 rats
55 creatures vanquished.

Notes
Turn   | Place    | Note
--------------------------------------------------------------
     0 | Abyss:1  | Quh, the Demonspawn Abyssal Knight, began the quest for the Orb.
     0 | Abyss:1  | Reached XP level 1. HP: 18/18 MP: 1/1
    80 | Abyss:1  | Noticed a small abomination
   138 | Abyss:1  | Noticed a large abomination
   139 | D:1      | Escaped the Abyss
   572 | D:1      | Acquired Lugonu's first power
   572 | D:1      | Gained mutation: You have sharp toenails. [demonic ancestry]
   572 | D:1      | Reached XP level 2. HP: 24/24 MP: 1/3
  1371 | D:2      | Reached XP level 3. HP: 20/29 MP: 5/5
  1767 | D:2      | Reached skill level 4 in Invocations
  2620 | D:3      | Acquired Lugonu's second power
  2620 | D:3      | Reached XP level 4. HP: 18/35 MP: 7/7
  3481 | D:3      | Reached skill level 1 in Evocations
  3481 | D:3      | Gained mutation: You are very good at protecting items from fire. [demonic ancestry]
  3481 | D:3      | Reached XP level 5. HP: 7/41 MP: 7/9
  3486 | D:3      | Slain by a hobgoblin

Action                   |  1- 3 |  4- 6 || total
-------------------------+-------+-------++-------
Melee: Spear             |   131 |    60 ||   191
Invok: Depart the Abyss  |     1 |       ||     1
  Use: Scroll            |     1 |     1 ||     2
       Potion            |       |     1 ||     1
